 Dungeon Sprint DCSS version 0.27-a0-1322-gfdffb62a71 (webtiles) character file.

Game seed: 16800277099320653921

823 mhtbhm the Basher (level 7, -8/78 HPs)
             Began as a Troll Monk on June 22, 2021.
             Was the Champion of Yredelemnul.
             Mangled by an ice devil (14 damage)
             ... in the Dungeon (Sprint VII: "The Pits").
             The game lasted 00:02:16 (471 turns).

mhtbhm the Basher (Troll Monk)                       Turns: 471, Time: 00:02:17

Health: -8/78      AC:  4    Str: 22    XL:     7   Next: 63%
Magic:  8/8        EV: 12    Int:  6    God:    Yredelemnul [******]
Gold:   0          SH:  0    Dex: 12    Spells: 6/6 levels left

rFire    . . .     SeeInvis .   a - +2 flail (vorpal)
rCold    . . .     Faith    .   (no shield)
rNeg     . . .     Spirit   .   b - +0 robe
rPois    .         Reflect  .   (helmet restricted)
rElec    .         Harm     .   (no cloak)
rCorr    .         Rampage  .   (gloves unavailable)
Will     .....     NoTele   +   (boots unavailable)
Stlth    ++........             (no amulet)
HPRegen  1.23/turn              (no ring)
MPRegen  0.11/turn              (no ring)

@: no status effects
A: large, unfitting armour, claws 3, regeneration 1, shaggy fur 1, tough skin 1
a: Renounce Religion, Recall Undead Slaves, Injury Mirror, Animate Dead, Drain
Life, Enslave Soul


You were in the Dungeon.
You worshipped Yredelemnul.
Yredelemnul was exalted by your worship.
You visited 1 branch

Inventory:

Hand Weapons
 a - a +2 vorpal flail (weapon)
Armour
 b - a +0 robe (worn)
Scrolls
 h - a scroll of blinking
 j - 5 scrolls of amnesia
 k - a scroll of summoning
Potions
 c - 6 potions of curing
 d - 5 potions of heal wounds
 e - a potion of haste
 f - 4 potions of magic
 g - 3 potions of berserk rage
 i - 2 potions of invisibility


   Skills:
 + Level 7.2 Fighting
 + Level 9.9 Maces & Flails
 + Level 7.4 Dodging
 + Level 3.5 Stealth
 + Level 3.3 Invocations


You had 6 spell levels left.
You didn't know any spells.
Your spell library was empty.

Dungeon Overview and Level Annotations

Branches:
Dungeon (1/1)

Altars:
Ashenzari
Cheibriados
Dithmenos
Elyvilon
Fedhas
Gozag
Hepliaklqana
Kikubaaqudgha
Makhleb
Nemelex Xobeh
Okawaru
Qazlal
Ru
Sif Muna
Trog
Uskayaw
Vehumet
Wu Jian
Xom
Yredelemnul
Zin
The Shining One
Beogh
Jiyva
Lugonu


Innate Abilities, Weirdness & Mutations

You are too large for most types of armour.
You have claws for hands.
Your natural rate of healing is unusually fast.
You are covered in fur. (AC +1)
You have tough skin. (AC +1)


Message History

Unknown command.
The deep elf zephyrmancer shouts!
You hit the ice devil but do no damage.
The ice devil is heavily wounded.
Your wight closely misses the deep elf zephyrmancer.
The deep elf zephyrmancer casts a spell.
The deep elf zephyrmancer blinks!
Your flying skull hits the ice devil but does no damage.
The ice devil closely misses your flying skull.
You catch the helpless ice devil completely off-guard!
You sock the ice devil!
The ice devil is almost dead.
Your flying skull barely misses the ice devil.
Your wight misses the ice devil. The ice devil hits you.
The ice devil freezes you!
The deep elf zephyrmancer gestures at you while chanting.
The bolt of lightning hits your flying skull!
Your flying skull resists.
The bolt of lightning hits you!!
* * * LOW HITPOINT WARNING * * *
The bolt of lightning hits your wight!!!
Your wight is destroyed!
Your flying skull hits the deep elf zephyrmancer!
The deep elf zephyrmancer dies!
Yredelemnul accepts your kill.
Your Fighting skill increases to level 7!
Your Dodging skill increases to level 7!
Your Invocations skill increases to level 3!
You barely miss the ice devil.
The ice devil is almost dead.
The ice devil hits you but does no damage.
Unknown command.
You hit the ice devil but do no damage.
The ice devil is almost dead.
Your flying skull barely misses the ice devil.
The ice devil hits you!
* * * LOW HITPOINT WARNING * * *
The ice devil freezes you!
You die...
Your body rises from the dead as a mindless zombie.

#.##z#ZZ...##...<...#
#.#........##.......#
#.#........##.......#
#'###########.......#
#..!....#.. #########
#.Z)#z..#.######
#)ZZ#...#.#....#
#)##.##.#'#)z..#
#...#Z..#Zz@4..+
#...#...#Z#.z..#
#....ZZZZz#)...#
################


You could see an ice devil (ally target), 3 friendly flying skulls, a friendly
black bear zombie, a friendly acid dragon zombie, a friendly sky beast zombie
and a friendly kobold zombie.

Vanquished Creatures
  An acid dragon (D)
  A floating eye (D)
  A sky beast (D)
  A black bear (D)
  2 quasits (D)
  Terence (D)
  A gnoll (D)
  An adder (D)
  2 orcs (D)
  An endoplasm (D)
  A giant cockroach (D)
  2 jackals (D)
  2 kobolds (D)
  A rat (D)
18 creatures vanquished.

Vanquished Creatures (collateral kills)
  A deep elf zephyrmancer (D)
  A bullfrog (D)
  A hound (D)
  A gnoll shaman (D)
  3 gnolls (D)
  An orc (D)
  A bat (D)
  A kobold (D)
10 creatures vanquished.

Vanquished Creatures (others)
  A flying skull (D)
  A wight (D)
2 creatures vanquished.

Grand Total: 30 creatures vanquished

Notes
Turn   | Place    | Note
-------+----------+-------------------------------------------
     0 | D        | mhtbhm the Troll Monk began the quest for the Orb.
     0 | D        | Reached XP level 1. HP: 22/22 MP: 0/0
    17 | D        | Found a bloodstained altar of Trog.
    17 | D        | Found a shimmering blue altar of Sif Muna.
    17 | D        | Found a viscous altar of Jiyva.
    17 | D        | Found a hazy altar of Hepliaklqana.
    17 | D        | Found an opulent altar of Gozag.
    18 | D        | Found a glowing golden altar of the Shining One.
    18 | D        | Found a glowing silver altar of Zin.
    18 | D        | Found a basalt altar of Yredelemnul.
    18 | D        | Found a shimmering altar of Xom.
    18 | D        | Found an ornate altar of the Wu Jian Council.
    18 | D        | Found a sacrificial altar of Ru.
    18 | D        | Found a stormy altar of Qazlal.
    18 | D        | Found an iron altar of Okawaru.
    18 | D        | Found a sparkling altar of Nemelex Xobeh.
    18 | D        | Found a burning altar of Makhleb.
    18 | D        | Found a blossoming altar of Fedhas.
    18 | D        | Found a white marble altar of Elyvilon.
    18 | D        | Found a shadowy altar of Dithmenos.
    18 | D        | Found a snail-covered altar of Cheibriados.
    20 | D        | Found a radiant altar of Vehumet.
    20 | D        | Found a corrupted altar of Lugonu.
    21 | D        | Found a hide-covered altar of Uskayaw.
    21 | D        | Found an ancient bone altar of Kikubaaqudgha.
    21 | D        | Found a broken altar of Ashenzari.
    25 | D        | Became a worshipper of Yredelemnul the Dark
    25 | D        | Reached * piety under Yredelemnul
    25 | D        | Reached ** piety under Yredelemnul
    73 | D        | Reached skill level 3 in Maces & Flails
    84 | D        | Noticed a floating eye
    88 | D        | Paralysed by a floating eye for 2 turns
    91 | D        | Paralysed by a floating eye for 4 turns
    97 | D        | Paralysed by a floating eye for 3 turns
   103 | D        | Paralysed by a floating eye for 4 turns
   108 | D        | Killed a floating eye
   108 | D        | Reached *** piety under Yredelemnul
   109 | D        | Reached skill level 5 in Maces & Flails
   109 | D        | Reached XP level 2. HP: 33/33 MP: 1/1
   109 | D        | Reached XP level 3. HP: 40/40 MP: 2/2
   109 | D        | Reached XP level 4. HP: 49/49 MP: 3/3
   174 | D        | Received a gift from Yredelemnul (4 flying skulls)
   180 | D        | Reached skill level 6 in Maces & Flails
   180 | D        | Reached XP level 5. HP: 52/55 MP: 4/4
   181 | D        | Reached skill level 5 in Fighting
   185 | D        | Reached **** piety under Yredelemnul
   244 | D        | Noticed Terence
   251 | D        | Killed Terence
   251 | D        | Reached ***** piety under Yredelemnul
   252 | D        | Reached skill level 5 in Dodging
   257 | D        | Received a gift from Yredelemnul (a wight)
   259 | D        | Reached skill level 7 in Maces & Flails
   259 | D        | Reached skill level 1 in Invocations
   354 | D        | Reached XP level 6. HP: 67/67 MP: 5/5
   355 | D        | Noticed an acid dragon
   362 | D        | Killed an acid dragon
   363 | D        | Reached skill level 8 in Maces & Flails
   394 | D        | Noticed a sky beast
   412 | D        | Reached ****** piety under Yredelemnul
   418 | D        | Killed a sky beast
   419 | D        | Reached skill level 9 in Maces & Flails
   419 | D        | Reached XP level 7. HP: 35/76 MP: 6/8
   458 | D        | Noticed an ice devil
   458 | D        | Noticed a deep elf zephyrmancer
   465 | D        | Received a gift from Yredelemnul (a wight)
   469 | D        | Killed a deep elf zephyrmancer
   471 | D        | Mangled by an ice devil

Illustrated notes

Levels and vault maps discovered:
D:        pitsprint [storerooms_1, entrance_room_1, metal_vault_6, armoury_3,
          mini_pit_1, grid_room_1, main_hall_1, silver_pit, the_coven_1,
          the_vestibule_1, steel_vault_2, golden_pit, hallway_of_sentries,
          crystal_vault_2, iron_vault_5, final_vault]

Skill      XL: |  1  2  3  4  5  6  7 |
---------------+----------------------+-----
Maces & Flails | 5 6 7 9 |  9.9
Fighting       | 4 5 6 7 |  7.2
Dodging        | 4 5 6 7 |  7.4
Stealth        | 2 3 |  3.5
Invocations    | 1 2 3 |  3.3

Action                   |  1- 3 |  4- 6 |  7- 9 || total
-------------------------+-------+-------+-------++-------
Melee: Mace              |    25 |    11 |       ||    36
       Flail             |       |    37 |     5 ||    42
Invok: Animate Dead      |       |     5 |     1 ||     6
  Use: Potion            |       |     1 |       ||     1
 Stab: Sleeping          |     2 |     1 |       ||     3
       Distracted        |       |       |     1 ||     1
Armor: Robe              |     7 |    42 |     2 ||    51
Dodge: Dodged            |     9 |    49 |       ||    58

Table legend: (Time is in decaauts)
 A = Elapsed time spent in this place.
 B = Non-inter-level travel time spent in this place.
 C = Inter-level travel time spent in this place.
 D = Time resting spent in this place.
 E = Time spent auto-exploring this place.
 F = Levels seen in this place.
 G = Mean time per level.
                   A        B        C        D        E       F      G
               +--------+--------+--------+--------+--------+-----+--------+
         Total |    477 |    477 |      0 |    168 |     36 |   1 |  477.0 |
       Dungeon |    477 |    477 |      0 |    168 |     36 |   1 |  477.0 |
               +--------+--------+--------+--------+--------+-----+--------+

Top non-repeatable levels by time:
       D: 477 daAuts
